 Dungeon Crawl Stone Soup version 0.23.1 (webtiles) character file.

Game seed: 10843942660080695492

105 zedzed the Cudgeler (level 4, -9/28 HPs)
             Began as a Gargoyle Gladiator on Mar 16, 2019.
             Mangled by Natasha (10 damage)
             ... on level 1 of the Dungeon.
             The game lasted 00:02:33 (1375 turns).

zedzed the Cudgeler (Gargoyle Gladiator)            Turns: 1375, Time: 00:02:33

Health: -9/28      AC: 10    Str: 18    XL:     4   Next: 81%
Magic:  4/4        EV: 11    Int:  9    God:
Gold:   29         SH:  0    Dex: 11    Spells: 3/3 levels left

rFire    . . .     SeeInvis .   a - +0 flail
rCold    + . .     Gourm    .   (no shield)
rNeg     + . .     Faith    .   g - +1 ring mail {rC+}
rPois    ∞         Spirit   .   c - +0 helmet
rElec    +         Reflect  .   (no cloak)
rCorr    .         Harm     .   (no gloves)
MR       .....                  (no boots)
Stlth    +.........             (no amulet)
HPRegen  0.09/turn              (no ring)
MPRegen  0.09/turn              (no ring)

@: flying, slowed, very slow
A: negative energy resistance 1, electricity resistance, unbreathing,
petrification resistance, rot immunity, AC +3
a: no special abilities


You were on level 1 of the Dungeon.
You were hungry.

You visited 1 branch of the dungeon, and saw 2 of its levels.

You collected 29 gold pieces.

Inventory:

Hand Weapons
 a - a +0 flail (weapon)
 j - a +0 hunting sling
Missiles
 d - 3 throwing nets (quivered)
 h - 45 stones
Armour
 b - a +0 leather armour
 c - a +0 helmet (worn)
 g - a +1 ring mail of cold resistance (worn)
Scrolls
 e - a scroll of remove curse {unknown}
 k - 2 scrolls of magic mapping {unknown}
Comestibles
 f - 3 rations


   Skills:
 + Level 3.5 Fighting
 * Level 4.7 Maces & Flails
 - Level 1.7 Throwing
 - Level 2.4 Dodging


You had 3 spell levels left.
You didn't know any spells.
Your spell library was empty.

Dungeon Overview and Level Annotations

Branches:
Dungeon (2/15)

Altars:

Annotations:
D:1 Natasha


Innate Abilities, Weirdness & Mutations

You are resistant to torment.
Your stone body is resilient. (AC +3)
You are immune to poison.
You resist negative energy. (rN+)
You are resistant to electric shocks. (rElec)
You can survive without breathing.
You are immune to petrification.
You are immune to rotting.


Message History

You barely miss Natasha.
Natasha is heavily wounded.
The crimson imp hits you but does no damage.
Natasha barely misses you.
The crimson imp hits you but does no damage.
Natasha wildly gestures.
Natasha glows brightly for a moment.
Natasha claws you!
* * * LOW HITPOINT WARNING * * *
You hit Natasha.
Natasha is almost dead.
The crimson imp barely misses you.
Natasha stares at you and mumbles some strange words.
You feel as though you will be slow longer.
The crimson imp hits you.
* * * LOW HITPOINT WARNING * * *
It was a potion of flight.
You feel very buoyant.
You fly up into the air.
Natasha claws you!
You die...

#............#
#######.#
#...####.....# #.#
#######............#
#.#
...........###.....#
#.# ##.......#.#
#.....# #.#
#.####.##.# ###.#.#
#.# ##.####.##.#
#.#.# #.#
........##.# #h#.#
#.# ##.#######.#
#@#.# ####.# #.# #.#
#5#.# #..†.# #.###
##.#####...# #.####
#...# #......>...#
#.# ###.#
#.........## #.# #.#
#......)..# #.# #†#
#.........# #.# #.#
#......)#.# #.# #.#
#.......#.# #.#


You could see Natasha and a crimson imp.

Vanquished Creatures
  A hound (D:2)
  Natasha (twice) (D:1)
  A leopard gecko (D:1)
  3 bats (D:1)
  3 giant cockroaches (D:1)
  2 hobgoblins (D:1)
  A ball python (D:2)
  A frilled lizard (D:1)
  3 goblins (D:1)
  5 kobolds (D:1)
  4 rats (D:1)
26 creatures vanquished.

Notes
Turn   | Place    | Note
-------+----------+-------------------------------------------
     0 | D:1      | zedzed the Gargoyle Gladiator began the quest for the Orb.
     0 | D:1      | Reached XP level 1. HP: 12/12 MP: 1/1
   349 | D:1      | Reached XP level 2. HP: 17/18 MP: 2/2
   990 | D:2      | Noticed Natasha
   995 | D:1      | Noticed a crimson imp
   995 | D:1      | Killed Natasha
   995 | D:1      | Reached skill level 4 in Maces & Flails
   995 | D:1      | Reached XP level 3. HP: 23/23 MP: 3/3
  1021 | D:1      | Noticed Natasha
  1031 | D:1      | Killed Natasha
  1031 | D:1      | Reached XP level 4. HP: 9/28 MP: 4/4
  1360 | D:1      | Noticed Natasha
  1374 | D:1      | HP: 1/28 [crimson imp[Natasha] (1)]
  1375 | D:1      | Mangled by Natasha

Skill      XL: |  1  2 |
---------------+-------+-----
Fighting       | 3 |  3.5
Maces & Flails | 4 |  4.7
Throwing       | |  1.7
Dodging        | |  2.4

Action                   |  1- 3 |  4- 6 || total
-------------------------+-------+-------++-------
Melee: Flail             |    77 |    28 ||   105
  Use: Potion            |       |     1 ||     1
  Eat: Chunk             |       |     1 ||     1
Armor: Ring mail         |    43 |    16 ||    59
Dodge: Dodged            |    48 |    24 ||    72
